Unix NetHack Version 5.0.0-0 post-release - last build May 23 2026 06:08:33 (1c0ff79ee797540d5714e4e18072db0edd9e58ae,branch:main).

Game began 2026-05-24 04:46:07, ended 2026-05-24 05:11:36.

ArrBianca, chaotic female elven Priestess

                                                                     ------
                                                   ------            |.!!!|
                                                  #...>.|           #-.!!!|
                ---------------                   #|....|           #|.!!!|
                |.............|           ###     #|(...)#          #------
                |.............|           #     ###--.---f          ##
            ####-..............###        #    ##       #@           ##
 --------   #   |.............|  ##########   ##        #             #
 |......|  ##   |.............+ ###   ##----- #         #             #
 |.....(| ###   ---------------        #|...|##         #-------------#
 |......|  #                           #-...|#          #|...........|#
 |<......###                            |..{|#          #|............#
 --------                               |...|#          #............|
                                        |....#   ##      |...........|
                                        |..`|     #######-...........|
                                        -----            -------------

ArrBianca the Acolyte        St:14 Dx:12 Co:11 In:9 Wi:20 Ch:11  Chaotic
Dlvl:6  $:0  HP:0(46) Pw:77(77) AC:7  Xp:5 T:2810 

Latest messages:
 You miss the grid bug.
 The grid bug bites!
 You avoid harm.
 You kill the grid bug!
 You kill the grid bug!
 You miss the wood nymph.
 The wood nymph disarms your blessed +2 mace (weapon in right hand).
 She stole a blessed +2 mace.
 Your movements are now unencumbered.
 The wood nymph vanishes!
 You begin bashing monsters with your gloved hands.
 You hit the grid bug.
 The grid bug bites!
 You get zapped!
 You hit the grid bug.
 The grid bug bites!
 You get zapped!
 The housecat bites!
 You miss the grid bug.
 The grid bug bites!
 You get zapped!
 The housecat bites!
 You hit the grid bug.
 The grid bug bites!
 You get zapped!
 The housecat bites!
 In what direction? u
 In what direction? y
 The poisoned dart misses the housecat.
 The grid bug bites!
 You get zapped!
 The housecat bites!
 In what direction? k
 The poison doesn't seem to affect the grid bug.
 You kill the grid bug!
 In what direction? k
 The poisoned dart misses the housecat.
 The housecat bites!
 In what direction? k
 The poisoned dart misses the housecat.
 The housecat bites!
 The housecat bites!
 You miss the housecat.
 The housecat bites!
 The housecat bites!
 You hit the housecat.
 The housecat bites!
 The housecat bites!
 You die...
 Do you want your possessions identified? [ynq] (y) q

Inventory:
 Amulets  ('"')
  y - an amulet of magical breathing
  B - a cursed amulet of restful sleep
 Weapons  (')')
  w - 11 +1 darts
  u - 8 poisoned +0 darts (at the ready)
  o - 3 +0 elven daggers
 Armor    ('[')
  W - a +0 pair of gauntlets of dexterity (being worn)
  E - a +0 dwarvish cloak
  b - a +0 robe (being worn)
 Comestibles  ('%')
  e - 2 cloves of garlic
  J - 4 food rations
  f - a sprig of wolfsbane
  H - a tripe ration
  l - 3 lichen corpses
 Spellbooks  ('+')
  h - a spellbook of create monster
  m - a spellbook of cure sickness
  k - a spellbook of force bolt
  g - a spellbook of healing
 Potions  ('!')
  U - a potion of booze
  R - a cursed potion of extra healing
  t - a potion of gain level
  O - a potion of polymorph
  d - 4 potions of holy water
 Rings    ('=')
  L - a cursed ring of hunger
  P - a +1 ring of increase damage
 Wands    ('/')
  n - a wand of create monster (0:0)
  q - a wand of create monster (0:0)
  Q - a wand of magic missile (0:4)
 Tools    ('(')
  i - a wooden flute

ArrBianca the Priestess's attributes:

Background:
 You were an Acolyte, a level 5 elven Priestess.
 You were chaotic, on a mission for Manannan Mac Lir
 who was opposed by Lugh (lawful) and Brigit (neutral).
 You were right-handed.
 You were in the Dungeons of Doom, on level 6.
 You entered the dungeon 2810 turns ago.
 It was nighttime.
 You had 314 experience points, 6 more were needed to attain level 6.

Basics:
 You had 0 out of 46 hit points.
 You had all 77 energy points (spell power).
 Your armor class was 7.
 Your wallet was empty.
 Autopickup was on for '$?!/="+%' plus thrown, with exceptions.

Final Characteristics:
 Your strength was 14 (limit:18).
 Your dexterity was 12 (limit:18).
 Your constitution was 11 (limit:16).
 Your intelligence was 9 (limit:20).
 Your wisdom was 20 (limit:20).
 Your charisma was 11 (limit:18).

Final Status:
 You weren't hungry.
 You were unencumbered.
 You were empty handed.
 You were unskilled in bare handed combat.

Final Attributes:
 You were piously aligned.
 You were sleep resistant.
 You had infravision.
 You were guarded.
 Your spell casting was enhanced by wearing a robe.
 You are dead.

Miscellaneous:
 You didn't encounter any bones levels.
 Total elapsed playing time was 22 minutes and 46 seconds.

Major events:
 Turn
    1: ArrBianca the chaotic elven Priestess entered the dungeon
  665: attained the rank of Acolyte (level 3)
 2810: killed by a housecat

Spells:
 Name                 Level Category     Fail Retention
 healing                1   healing        0%  76%-100%
 create monster         2   clerical       0%   81%-90%
 cure sickness          3   healing       45%  76%-100%
 force bolt             1   attack         0%  76%-100%

Skills:
 Fighting Skills
   bare handed combat [Unskilled]
 Weapon Skills
   club               [Unskilled]
   mace               [Basic]
   morning star       [Unskilled]
   flail              [Unskilled]
   hammer             [Unskilled]
   quarterstaff       [Unskilled]
   polearms           [Unskilled]
   spear              [Unskilled]
   trident            [Unskilled]
   lance              [Unskilled]
   bow                [Unskilled]
   sling              [Unskilled]
   crossbow           [Unskilled]
   dart               [Unskilled]
   shuriken           [Unskilled]
   boomerang          [Unskilled]
   unicorn horn       [Unskilled]
 Spellcasting Skills
   healing spells     [Unskilled]
   divination spells  [Unskilled]
   clerical spells    [Basic]

Voluntary challenges:
 Character rerolling was not enabled.
 You never had a pet.
 You never genocided any monsters.
 You never polymorphed an object.
 You never changed form.
 You used no wishes.
Achievements:
 You entered a shop.
 You attained the rank of Acolyte.

 The Dungeons of Doom: levels 1 to 6
    Level 1:
       Many altars.
    Level 2:
       An armor shop, a fountain, a grave.
    Level 3:
       A general store, a sink, a grave.
    Level 4:
    Level 5:
    Level 6: <- You were here.
       A potion shop, a fountain.
       Final resting place for
          you, killed by a housecat.


Vanquished creatures:
  a dingo
  a water nymph
  2 rock piercers
  a rock mole
  a fog cloud
  2 shriekers
  a straw golem
  a rothe
  2 dwarf zombies
 an iguana
 an acid blob
  2 gas spores
  6 hobbits
  a large kobold
  2 hobgoblins
  a giant rat
  2 green molds
  2 red molds
  4 geckos
  4 jackals
  a fox
  a kobold
  3 goblins
  a sewer rat
 10 grid bugs
  a bat
  8 lichens
  4 newts
67 creatures vanquished.

No species were genocided or became extinct.

Game over:
                       ----------
                      /          \
                     /    REST    \
                    /      IN      \
                   /     PEACE      \
                  /                  \
                  |    ArrBianca     |
                  |       0 Au       |
                  |   killed by a    |
                  |     housecat     |
                  |                  |
                  |                  |
                  |       2026       |
                 *|     *  *  *      | *
        _________)/\\_//(\/(/\)/\//\/|_)_______

Goodbye ArrBianca the Priestess...

You died in The Dungeons of Doom on dungeon level 6 with 1556 points,
and 0 pieces of gold, after 2810 moves.
You were level 5 with a maximum of 46 hit points when you died.

